 Dungeon Crawl Stone Soup version 0.17.0-56-gd8de76c (webtiles) character file.

406 schauveau the Chopper (level 6, -5/60 HPs)
             Began as a Gargoyle Berserker on Dec 4, 2015.
             Was a Believer of Trog.
             Slain by an ogre
             ... wielding a +0 giant club
              (12 damage)
             ... on level 5 of the Dungeon.
             The game lasted 00:07:15 (2941 turns).

schauveau the Chopper (Gargoyle Berserker)          Turns: 2941, Time: 00:07:16

Health: -5/60      AC: 12    Str: 28    XL:     6   Next: 87%
Magic:  6/6        EV: 11    Int:  7    God:    Trog [**....]
Gold:   161        SH:  0    Dex:  9    Spells: 0 memorised, 5 levels left

rFire  . . .     SeeInvis .     a - +0 war axe
rCold  . . .     Clarity  .     x - +3 leather armour
rNeg   + . .     SustAt   .     (no shield)
rPois  ∞         Gourm    .     (no helmet)
rElec  +         Spirit   .     e - +0 cloak
rCorr  .         Warding  .     (no gloves)
rMut   .         Stasis   .     (no boots)
MR     .....                    (no amulet)
Stlth  ..........               (no ring)
                                (no ring)

@: berserking, very quick, not resistant to hostile enchantments, extremely
unstealthy
A: negative energy resistance 1, electricity resistance, unbreathing,
petrification resistance, rot immunity, AC +4
a: Berserk, Trog's Hand, Burn Spellbooks, Renounce Religion


You were on level 5 of the Dungeon.
You worshipped Trog.
Trog was pleased with you.
You were not hungry.

You visited 2 branches of the dungeon, and saw 6 of its levels.

You collected 161 gold pieces.

Inventory:

Hand Weapons
 a - a +0 war axe (weapon)
 w - a +0 hand axe
Missiles
 b - 3 silver javelins
 m - 7 javelins (quivered)
 n - 17 tomahawks
Armour
 e - a +0 cloak (worn)
 t - a +0 cloak
 x - a +3 leather armour (worn)
Jewellery
 o - a cursed ring of loudness {unknown}
Wands
 q - a wand of digging (2)
Scrolls
 d - 4 scrolls of identify {unknown}
 h - 2 scrolls of remove curse {unknown}
 k - a scroll of magic mapping {unknown}
 l - a scroll of enchant weapon {unknown}
 p - a scroll of noise {unknown}
 v - 2 scrolls of fog {unknown}
 y - a scroll of enchant armour {unknown}
 A - a scroll of teleportation {unknown}
Potions
 f - 4 potions of mutation {unknown}
 g - 2 potions of degeneration {unknown}
 i - a potion of flight {unknown}
 r - 2 potions of curing {unknown}
 s - a potion of cure mutation {unknown}
 u - 2 potions of lignification {unknown}
 z - a potion of brilliance {unknown}
Comestibles
 c - 3 bread rations
 j - 2 meat rations
 B - a royal jelly
 C - a slice of pizza
 D - 2 chunks of flesh


   Skills:
 + Level 5.0 Fighting
 * Level 5.1 Axes
 + Level 4.2 Armour
 - Level 1.6 Dodging


You had 5 spell levels left.
You didn't know any spells.

Dungeon Overview and Level Annotations

Branches:
Dungeon (5/15)             Temple (1/1) D:4

Altars:
Ashenzari
Elyvilon
Fedhas
Nemelex Xobeh
Qazlal
Sif Muna
Zin
The Shining One

Annotations:
D:5 Ijustatesigmund's ghost, novice DECj


Innate Abilities, Weirdness & Mutations

You are resistant to torment.
Your stone body is resilient (AC +4).
You are immune to poison.
You resist negative energy.
You are resistant to electric shocks.
You can survive without breathing.
You are immune to petrification.
You are immune to rotting.


Message History

You miss something. You slash the ogre!
The ogre is severely wounded.
You hit the iguana.
The iguana is moderately wounded.
You closely miss something. Something hits you but does no damage.
The ogre hits you with a giant club!
* * * LOW HITPOINT WARNING * * *
The iguana closely misses you.
You hit the ogre.
The ogre is almost dead.
You closely miss something.
Your leather armour prevents you from hitting the iguana.
The iguana is moderately wounded.
Something hits you.
* * * LOW HITPOINT WARNING * * *
Something shocks you. You resist.
* * * LOW HITPOINT WARNING * * *
The ogre hits you with a giant club!
You die...

######<##.# .PP.
#.##.# .P.≈. ..##.#
≈≈≈.P #####.# .≈≈P≈P
##.## .≈≈≈≈≈
.###...######.≈♣≈≈≈
............W.♣≈≈≈≈≈
..###.[.####l{..≈≈≈≈
##.## #@##≈≈.≈≈ #.#
#.O♣ ≈≈.≈ #.# #$...
≈♣ #.# #.#..P. #.
#........ ....#####
### #


You could see an ogre, an iguana and Ijustatesigmund's ghost.

Vanquished Creatures
  Sigmund (D:3)
  A scorpion (D:4)
  A centaur skeleton (D:4)
  Jessica (D:3)
  2 worker ants (D:4)
  3 adders (D:3)
  An ooze (D:1)
  3 worms
  3 giant geckos
  4 orcs (D:3)
  2 ball pythons
  4 bats
  5 giant cockroaches
  5 goblins
  6 hobgoblins
  A kobold (D:1)
  3 quokkas
  A giant gecko skeleton (D:4)
  3 giant newts (D:3)
  A jackal (D:5)
  A quokka skeleton (D:4)
  9 rats
61 creatures vanquished.

Notes
Turn   | Place    | Note
--------------------------------------------------------------
     0 | D:1      | schauveau the Gargoyle Berserker began the quest for the Orb.
     0 | D:1      | Reached XP level 1. HP: 14/14 MP: 1/1
   296 | D:1      | Reached XP level 2. HP: 16/19 MP: 2/2
   312 | D:1      | Found a sparkling altar of Nemelex Xobeh.
   908 | D:2      | Found a blossoming altar of Fedhas.
   946 | D:2      | Reached XP level 3. HP: 22/24 MP: 3/3
   954 | D:2      | Found a deep blue altar of Sif Muna.
  1011 | D:2      | Found a glowing golden altar of the Shining One.
  1011 | D:2      | Found a glowing silver altar of Zin.
  1011 | D:2      | Found a white marble altar of Elyvilon.
  1166 | D:2      | Found a shattered altar of Ashenzari.
  1298 | D:3      | Noticed Sigmund
  1306 | D:3      | Killed Sigmund
  1306 | D:3      | Reached ** piety under Trog
  1306 | D:3      | Reached skill level 4 in Fighting
  1306 | D:3      | Reached XP level 4. HP: 28/30 MP: 4/4
  1306 | D:3      | Reached XP level 5. HP: 31/34 MP: 5/5
  1660 | D:3      | Noticed Jessica
  1670 | D:3      | Killed Jessica
  1670 | D:3      | Reached XP level 6. HP: 18/39 MP: 6/6
  1827 | D:3      | Found a stormy altar of Qazlal.
  2235 | D:4      | Found a staircase to the Ecumenical Temple.
  2249 | Temple   | Entered the Ecumenical Temple
  2268 | D:4      | Reached skill level 5 in Fighting
  2268 | D:4      | Reached skill level 5 in Axes
  2310 | D:5      | Entered Level 5 of the Dungeon
  2936 | D:5      | Noticed Ijustatesigmund's ghost (novice DECj)
  2941 | D:5      | Slain by an ogre

Action                   |  1- 3 |  4- 6 || total
-------------------------+-------+-------++-------
Melee: Hand axe          |    84 |    95 ||   179
       War axe           |       |    80 ||    80
Invok: Berserk           |     1 |     2 ||     3
  Eat: Chunk             |     1 |     8 ||     9
